 Dungeon Crawl Stone Soup version 0.27.0-1-g7a089689b8 (webtiles) character file.

Game seed: 15145500217834311719

3 Thatpatchoflichen the Sneak (level 1, 0/10 HPs)
             Began as a Kobold Enchanter on Aug 6, 2021.
             Slain by a bat (1 damage)
             ... on level 1 of the Dungeon.
             The game lasted 00:01:11 (130 turns).

Thatpatchoflichen the Sneak (Kobold Enchanter)       Turns: 130, Time: 00:01:12

Health: 0/10       AC:  2    Str:  5    XL:     1   Next: 55%
Magic:  3/3        EV: 12    Int: 16    God:
Gold:   0          SH:  0    Dex: 15    Spells: 3/4 levels left

rFire    . . .     SeeInvis .   a - +1 dagger
rCold    . . .     Faith    .   (shield restricted)
rNeg     . . .     Spirit   .   b - +0 robe
rPois    .         Reflect  .   (no helmet)
rElec    .         Harm     .   (no cloak)
rCorr    .         Rampage  .   (no gloves)
Will     .....                  (no boots)
Stlth    ++++......             (no amulet)
HPRegen  0.03/turn              (no ring)
MPRegen  0.08/turn              (no ring)

@: constricted
A: small, no large weapons, nightstalker 3
a: no special abilities


You were on level 1 of the Dungeon.
You visited 1 branch of the dungeon, and saw 1 of its levels.

Inventory:

Hand Weapons
 a - a +1 dagger (weapon)
Armour
 b - a +0 robe (worn)
Scrolls
 d - a scroll of noise {unknown}
 e - a scroll of silence {unknown}
Potions
 c - a potion of brilliance {unknown}


   Skills:
 + Level 0.2 Fighting
 + Level 1.5 Short Blades
 - Level 2.4 Dodging
 - Level 4.0 Stealth
 + Level 2.2 Spellcasting
 + Level 3.0 Hexes


You had 3 spell levels left.
You knew the following spells:

 Your Spells              Type           Power      Damage    Failure   Level
a - Corona                Hex            12%        N/A       6%          1

Your spell library contained the following spells:

 Spells                   Type           Power      Damage    Failure   Level
 Ensorcelled Hibernation  Hex/Ice        12%        N/A       16%         2
 Confusing Touch          Hex            11%        N/A       17%         3
 Tukima's Dance           Hex            11%        N/A       17%         3
 Dazzling Flash           Conj/Hex       12%        N/A       32%         3


Dungeon Overview and Level Annotations

Branches:
Dungeon (1/15)

Altars:


Innate Abilities, Weirdness & Mutations

You are small and have problems with some larger weapons.
You are completely attuned to the shadows.


Message History

A ball python comes into view.
A bat comes into view.
The goblin hits you with a +0 club.
The kobold shouts!
You hit the goblin.
You kill the goblin!
You barely miss the kobold. The kobold closely misses you.
You closely miss the kobold. The kobold misses you.
You closely miss the kobold. The kobold hits you but does no damage.
You hit the kobold but do no damage. The kobold misses you.
You hit the kobold but do no damage. The kobold closely misses you.
You barely miss the kobold. The kobold hits you with a +0 club.
* * * LOW HITPOINT WARNING * * *
You hit the kobold but do no damage. The kobold closely misses you.
You hit the kobold.
The kobold is moderately wounded.
The kobold misses you.
You hit the kobold.
The kobold is heavily wounded.
You hit the kobold.
You kill the kobold!
The bat barely misses you. The bat hits you but does no damage.
The ball python barely misses you. x2
The bat hits you but does no damage. The ball python closely misses you.
The ball python barely misses you.
Found a scroll labelled REDOTH OPSO BU PEY.
Items here: )) ††.
You barely miss the bat. The bat misses you. The bat closely misses you.
The ball python closely misses you. The ball python grabs you.
* * * LOW HITPOINT WARNING * * *
The ball python constricts you.
You hit the bat but do no damage. The bat misses you.
The ball python completely misses you. The ball python constricts you.
You hit the bat but do no damage. The bat closely misses you.
The bat hits you but does no damage. The bat misses you.
The ball python completely misses you.
* * * LOW HITPOINT WARNING * * *
The ball python constricts you.
You closely miss the bat. The bat hits you.
You die...

###. #.#. ... ?.#
#.#.###.#
?..S@b#.#
#.#.#.#.## #.#
###....# #.#
.###..# #.#
......# #.#
###.#.#######.####
#..............#
########.##.##.#
#.##.##.#


You could see a bat and a ball python.

Vanquished Creatures
  A ball python (D:1)
  A kobold (D:1)
  A goblin (D:1)
3 creatures vanquished.

Notes
Turn   | Place    | Note
-------+----------+-------------------------------------------
     0 | D:1      | Thatpatchoflichen the Kobold Enchanter began the quest for
                  | the Orb.
     0 | D:1      | Reached XP level 1. HP: 10/10 MP: 3/3
   130 | D:1      | Slain by a bat

Illustrated notes

Levels and vault maps discovered:
D:1:      sevenhm_arrival_forest_fort_large_2, layout_loops_cross,
          hellmonk_ecumenical_altar_inner_sanctum, minmay_indecisive_spiral

Action                   || total
-------------------------++-------
Melee: Dagger            ||    16
 Stab: Sleeping          ||     1
Armor: Robe              ||     4
Dodge: Dodged            ||    19
